 Dungeon Crawl Stone Soup version 0.24-a0-581-gc0fa6600bf (webtiles) character file.

Game seed: 691572878525378052

15838 Peloso the Carver (level 12, -7/106 HPs)
             Began as a Minotaur Fighter on Aug 24, 2019.
             Was a High Priest of Okawaru.
             Mangled by a catoblepas (9 damage)
             ... while petrified by you
             ... on level 2 of the Lair of Beasts.
             The game lasted 00:26:21 (10824 turns).

Peloso the Carver (Minotaur Fighter)               Turns: 10824, Time: 00:26:22

Health: -7/106     AC: 22    Str: 30    XL:     12   Next: 4%
Magic:  11/11      EV:  2    Int:  5    God:    Okawaru [*****.]
Gold:   716        SH:  0    Dex: 11    Spells: 11/11 levels left

rFire    . . .     SeeInvis .   a - +0 long sword
rCold    . . .     Gourm    .   c - +1 shield
rNeg     + + +     Faith    .   x - +0 plate armour
rPois    ∞         Spirit   .   (helmet restricted)
rElec    .         Reflect  .   (no cloak)
rCorr    .         Harm     .   p - +1 pair of gloves
MR       .....                  D - +2 pair of boots {Fly}
Stlth    ..........             (no amulet)
HPRegen  0.27/turn              S - ring of flight
MPRegen  0.12/turn              y - +2 ring of protection

@: mighty, petrified, flying
A: retaliatory headbutt, horns 2
a: Heroism, Finesse, Renounce Religion, Stop Flying


You were on level 2 of the Lair of Beasts.
You worshipped Okawaru.
Okawaru was extremely pleased with you.
You were hungry.

You visited 2 branches of the dungeon, and saw 13 of its levels.

You collected 716 gold pieces.

Inventory:

Hand Weapons
 a - a +0 long sword (weapon)
Armour
 b - a +0 chain mail
 c - a +1 shield (worn)
 j - a +0 pair of boots
 p - a +1 pair of gloves (worn)
 x - a +0 plate armour (worn)
 D - a +2 pair of boots of flying (worn)
Jewellery
 y - a +2 ring of protection (right hand)
 Q - an uncursed ring of positive energy
 S - a ring of flight (left hand)
Scrolls
 d - a scroll of immolation {unknown}
 i - a scroll of magic mapping
 t - 11 scrolls of remove curse
 z - 2 scrolls of noise {unknown}
 I - 3 scrolls of enchant weapon {unknown}
 K - a scroll of blinking
 L - 5 scrolls of teleportation
 N - a scroll of vulnerability {unknown}
 O - a scroll of acquirement {unknown}
Potions
 e - 4 potions of haste
 g - 4 potions of curing
 k - 3 potions of degeneration
 o - 5 potions of heal wounds
 q - a potion of agility {unknown}
 s - 2 potions of magic {unknown}
 A - 2 potions of lignification {unknown}
 B - 2 potions of brilliance {unknown}
 H - a potion of mutation {unknown}
 M - a potion of invisibility {unknown}
Comestibles
 f - 18 rations


   Skills:
 + Level 10.0 Fighting
 + Level 13.6 Long Blades
 + Level 9.7 Armour
 + Level 3.9 Dodging
 + Level 1.2 Stealth
 + Level 13.0 Shields
 + Level 1.0 Invocations
 + Level 1.1 Evocations


You had 11 spell levels left.
You didn't know any spells.
Your spell library contained the following spells:

 Spells                   Type           Power        Failure   Level  Hunger
 Animate Skeleton         Necr           N/A          99%         1    ##.....
 Apportation              Tloc           #.....       99%         1    ##.....
 Confusing Touch          Hex            #.....       99%         1    ##.....
 Magic Dart               Conj           #...         99%         1    ##.....
 Sandblast                Erth           #.....       99%         1    ##.....
 Summon Small Mammal      Summ           #...         99%         1    ##.....
 Blink                    Tloc           N/A          100%        2    ###....
 Call Imp                 Summ           #.......     100%        2    ###....
 Passwall                 Tmut/Erth      #.......     100%        2    ###....
 Slow                     Hex            #.......     100%        2    ###....
 Conjure Flame            Conj/Fire      #.......     100%        3    ####...
 Mephitic Cloud           Conj/Pois/Air  #.......     100%        3    ####...
 Stone Arrow              Conj/Erth      #.....       100%        3    ####...
 Petrify                  Tmut/Erth      #.......     100%        4    #####..
 Lee's Rapid Deconstruct  Erth           #.........   100%        5    ######.


Dungeon Overview and Level Annotations

Branches:
Dungeon (11/15)            Temple (0/1) D:5            Lair (2/6) D:10
  Swamp: Lair:2-4    Shoals: Lair:2-4     Snake: Lair:2-4    Spider: Lair:2-4
    Orc: D:9-12

Altars:
Elyvilon
Gozag
Makhleb
Okawaru
Qazlal
Trog
Vehumet
Xom
The Shining One

Annotations:
Lair:1 exclusion: 2 oklob plants


Innate Abilities, Weirdness & Mutations

You reflexively headbutt those who attack you in melee.
You have a pair of horns on your head.


Message History

The catoblepas gores you!
* * * LOW HITPOINT WARNING * * *
You slash the catoblepas! You headbutt the catoblepas!
The catoblepas is heavily wounded.
You are engulfed in calcifying dust.
The catoblepas gores you!
* * * LOW HITPOINT WARNING * * *
Your limbs are stiffening.
Unknown command.
You slash the catoblepas! You headbutt the catoblepas.
The catoblepas is severely wounded.
You are engulfed in calcifying dust.
Your limbs have turned to stone.
The catoblepas gores you but does no damage.
You have turned to stone.
You are engulfed in calcifying dust.
The catoblepas breathes a plume of calcifying dust at you.
The blast of calcifying dust hits you but does no damage.
The catoblepas gores you!
* * * LOW HITPOINT WARNING * * *
The catoblepas gores you!!
You die...

#......
#........
###........
#..§.......
#..........
#..§./.....
##..........
#..<§..(....
##..@.......
#P.Y.......
#........?.
............
#...........#
...###.....###
...# #.#..P#
.## ####.##


You could see a catoblepas.

Vanquished Creatures
  A hydra (Lair:1)
  3 two-headed ogres
  2 unseen horrors (D:10)
  An orc knight (D:11)
  A cyclops (D:11)
  A kobold demonologist (D:11)
  A komodo dragon (D:10)
  2 trolls
  2 hippogriffs
  A spriggan (D:10)
  2 wraiths
  20 yaks
  2 basilisks (D:10)
  A water moccasin (Lair:1)
  Duvessa (D:7)
  4 ice beasts
  2 orc warriors
  3 porcupines
  4 sky beasts
  7 phantoms
  4 ogres
  3 black bears
  A necrophage (D:11)
  5 crocodiles
  4 centaurs
  A big kobold (D:11)
  11 bullfrogs
  2 scorpions (D:9)
  A water moccasin skeleton (D:6)
  Dowan (D:7)
  6 killer bees
  3 howler monkeys (D:8)
  A quasit (D:6)
  5 crimson imps
  3 bullfrog zombies
  4 hounds
  2 jellies
  4 orc priests
  A gnoll shaman (D:8)
  2 bullfrog skeletons
  6 orc wizards
  2 centaur skeletons
  3 iguanas
  8 worker ants
  A killer bee zombie (D:10)
  A hound skeleton (D:8)
  A worker ant zombie (D:7)
  4 gnolls (D:8)
  6 adders
  3 shadow imps
  An ooze (D:1)
  2 adder zombies
  2 worms (D:2)
  An adder skeleton (D:8)
  2 dart slugs
  A leopard gecko (D:6)
  16 orcs
  4 giant cockroaches
  8 goblins
  4 hobgoblins
  24 jackals
  2 quokkas
  9 bats
  5 frilled lizards
  4 kobolds
  2 leopard gecko skeletons
  5 rats
252 creatures vanquished.

Vanquished Creatures (others)
  An adder (D:8)
  A plant (Lair:1)
2 creatures vanquished.

Grand Total: 254 creatures vanquished

Notes
Turn   | Place    | Note
-------+----------+-------------------------------------------
     0 | D:1      | Peloso the Minotaur Fighter began the quest for the Orb.
     0 | D:1      | Reached XP level 1. HP: 19/19 MP: 0/0
    85 | D:1      | Reached XP level 2. HP: 19/27 MP: 1/1
   515 | D:2      | Reached XP level 3. HP: 33/33 MP: 2/2
  1021 | D:3      | Found a bloodstained altar of Trog.
  1021 | D:3      | Found a burning altar of Makhleb.
  1021 | D:3      | Found a stormy altar of Qazlal.
  1021 | D:3      | Found an iron altar of Okawaru.
  1029 | D:3      | Became a worshipper of Warmaster Okawaru
  1034 | D:3      | Reached skill level 1 in Dodging
  1049 | D:3      | Reached XP level 4. HP: 40/40 MP: 3/3
  1205 | D:3      | Found a faded altar of an unknown god.
  1683 | D:4      | Reached XP level 5. HP: 47/47 MP: 4/4
  1686 | D:4      | Noticed a phantom
  1718 | D:4      | Noticed an ogre
  1720 | D:4      | Killed a phantom
  1725 | D:4      | Killed an ogre
  1725 | D:4      | Reached * piety under Okawaru
  1725 | D:4      | Reached skill level 5 in Shields
  1725 | D:4      | Reached XP level 6. HP: 33/53 MP: 5/5
  1864 | D:4      | Found a white marble altar of Elyvilon.
  1872 | D:4      | Reached skill level 5 in Long Blades
  1872 | D:4      | Reached skill level 5 in Armour
  1932 | D:4      | Noticed a sky beast
  1945 | D:4      | Killed a sky beast
  1945 | D:4      | Reached XP level 7. HP: 52/60 MP: 6/6
  1964 | D:4      | Found a glowing golden altar of the Shining One.
  2108 | D:5      | Entered Level 5 of the Dungeon
  2109 | D:5      | Found a staircase to the Ecumenical Temple.
  2182 | D:5      | Reached skill level 5 in Fighting
  2184 | D:5      | Reached ** piety under Okawaru
  2957 | D:6      | Reached XP level 8. HP: 56/69 MP: 7/7
  3599 | D:7      | Reached *** piety under Okawaru
  3647 | D:7      | Noticed a two-headed ogre
  3657 | D:7      | Killed a two-headed ogre
  3657 | D:7      | Reached XP level 9. HP: 51/78 MP: 5/8
  4292 | D:7      | Found a shimmering altar of Xom.
  4428 | D:7      | Noticed Dowan
  4429 | D:7      | Noticed Duvessa
  4433 | D:7      | Killed Dowan
  4450 | D:7      | Killed Duvessa
  4450 | D:7      | Reached **** piety under Okawaru
  4450 | D:7      | Reached skill level 10 in Long Blades
  4723 | D:8      | Reached skill level 10 in Shields
  4883 | D:8      | Found a radiant altar of Vehumet.
  4888 | D:8      | Reached XP level 10. HP: 61/86 MP: 9/9
  5383 | D:8      | Reached ***** piety under Okawaru
  6221 | D:9      | Reached skill level 1 in Stealth
  6342 | D:9      | Received a gift from Okawaru
  6688 | D:10     | Entered Level 10 of the Dungeon
  6786 | D:10     | Killed an unseen horror
  7344 | D:10     | Killed an unseen horror
  7344 | D:10     | Reached XP level 11. HP: 33/94 MP: 8/10
  8670 | D:10     | Found an opulent altar of Gozag.
  8681 | D:10     | Found a staircase to the Lair.
  8946 | D:11     | Noticed a two-headed ogre
  8956 | D:11     | Killed a two-headed ogre
  8956 | D:11     | Reached ****** piety under Okawaru
  8970 | D:11     | Noticed a two-headed ogre
  8997 | D:11     | Received a gift from Okawaru
  9008 | D:11     | Killed a two-headed ogre
  9159 | D:11     | Noticed an orc knight
  9168 | D:11     | Noticed a five-headed hydra
  9180 | D:11     | Killed an orc knight
  9180 | D:11     | Received a gift from Okawaru
  9180 | D:11     | Reached skill level 1 in Invocations
  9585 | Lair:1   | Entered Level 1 of the Lair of Beasts
  9777 | Lair:1   | Noticed a four-headed hydra
  9804 | Lair:1   | Killed a four-headed hydra
 10195 | Lair:1   | Reached skill level 1 in Evocations
 10226 | Lair:1   | Reached XP level 12. HP: 49/106 MP: 11/11
 10430 | Lair:1   | Reached skill level 10 in Fighting
 10788 | Lair:2   | Noticed a catoblepas
 10823 | Lair:2   | HP: 2/106 [catoblepas (5)]
 10824 | Lair:2   | Mangled by a catoblepas

Levels and vault maps discovered:
D:1:      eino_arrival_tree_alley, layout_basic
D:2:      layout_rooms, first_ration
D:3:      layout_basic, chequers_temple_overflow_statue_of_worship,
          chequers_ecumenical_altar_twisty
D:4:      layout_rooms, overflow_temple_1_default, serial_glass,
          glass_columns_b, glass_columns_c, glass_columns_c, glass_columns_a,
          glass_columns_c, tso_metal_star
D:5:      layout_basic, temple_fountains
D:6:      layout_rooms
D:7:      layout_basic, basic_altar, uniq_duvessa
D:8:      layout_gridville, fiery_altar_vehumet, uniq_joseph
D:9:      layout_small_grid
D:10:     layout_irregular_city, david_lair_generic, basic_altar, the_bakery
D:11:     minmay_the_grid_net [minmay_the_grid_stretched_grid,
          minmay_the_grid_paths, minmay_the_grid_odd_star,
          minmay_the_grid_embedded, minmay_the_grid_outer_circle,
          minmay_the_grid_prize_four_corners], layout_long_grid, serial_shops,
          shop_statue
Lair:1:   layout_roguey, beast_lair_carwin_2, minmay_lair_oklob_chamber
Lair:2:   layout_cave_pods, elwin_shoals_entry_rocks,
          spider_nest_entry_web_field, grunt_megastairs_4

Skill      XL: |  1  2  3  4  5  6  7  8  9 10 11 12 |
---------------+-------------------------------------+-----
Armour         | 4 5 6 7 8 9 |  9.7
Long Blades    | 3 4 5 6 8 10 12 13 | 13.6
Fighting       | 4 5 6 7 9 10 | 10.0
Shields        | 4 5 6 7 8 10 11 13 | 13.0
Dodging        | 1 2 3 |  3.9
Stealth        | 1 |  1.2
Invocations    | 1 |  1.0
Evocations     | 1 |  1.1

Action                   |  1- 3 |  4- 6 |  7- 9 | 10-12 || total
-------------------------+-------+-------+-------+-------++-------
Melee: Long sword        |    78 |    95 |   375 |   650 ||  1198
       Headbutt          |     8 |    19 |    82 |   135 ||   244
Invok: Heroism           |       |       |     1 |    11 ||    12
Evoke: Wand              |       |       |       |    13 ||    13
  Use: Scroll            |     4 |       |     6 |     7 ||    17
       Potion            |       |     1 |       |     4 ||     5
  Eat: Chunk             |       |     4 |     9 |    16 ||    29
       Ration            |       |       |       |     1 ||     1
Armor: Scale mail        |    50 |    28 |       |       ||    78
       Chain mail        |       |    21 |    33 |       ||    54
       Plate armour      |       |       |   117 |   436 ||   553
Dodge: Dodged            |    42 |    38 |    79 |   146 ||   305
Block: Shield            |    51 |    66 |   217 |   385 ||   719
       Rpst.: Long sword |    13 |    12 |    18 |    36 ||    79

Table legend:
 A = Non-vault XP
 B = Vault XP
 C = Vault XP percentage of total XP
 D = Non-vault monster count
 E = Vault monster count
 F = Vault count percentage of total count
                 A         B        C        D         E       F
            +---------+---------+-------+---------+---------+-------
      Total |   19374 |    3252 |  14.4 |     238 |      14 |   5.6
            +---------+---------+-------+---------+---------+-------
        D:1 |      34 |       0 |   0.0 |      17 |       0 |   0.0
        D:2 |      47 |       0 |   0.0 |      17 |       0 |   0.0
        D:3 |     109 |       0 |   0.0 |      22 |       0 |   0.0
        D:4 |     594 |       0 |   0.0 |      12 |       0 |   0.0
        D:5 |     509 |       0 |   0.0 |      12 |       0 |   0.0
        D:6 |     677 |       0 |   0.0 |      13 |       0 |   0.0
        D:7 |    2462 |     211 |   7.9 |      30 |       2 |   6.2
        D:8 |    2491 |       0 |   0.0 |      33 |       0 |   0.0
        D:9 |    2026 |       0 |   0.0 |      27 |       0 |   0.0
       D:10 |    4521 |    1257 |  21.8 |      29 |       7 |  19.4
       D:11 |    2601 |    1576 |  37.7 |      11 |       3 |  21.4
     Lair:1 |    3303 |     208 |   5.9 |      15 |       2 |  11.8
            +---------+---------+-------+---------+---------+-------
